 Dungeon Crawl Stone Soup version 0.28-a0-1087-gf3fc490d9d (webtiles) character file.

Game seed: 13008121484683629911

700 fragbeetle the Chopper (level 7, -3/61 HPs)
             Began as a Minotaur Fighter on Dec 10, 2021.
             Slain by a water moccasin (8 damage)
             ... on level 5 of the Dungeon.
             The game lasted 00:08:40 (3966 turns).

fragbeetle the Chopper (Minotaur Fighter)           Turns: 3966, Time: 00:08:41

Health: -3/61      AC:  8    Str: 20    XL:     7   Next: 38%
Magic:  6/6        EV: 10    Int:  7    God:
Gold:   182        SH:  4    Dex: 10    Spells: 6/6 levels left

rFire   . . .      SeeInvis .   a - +0 war axe
rCold   . . .      Faith    .   c - +0 buckler
rNeg    . . .      Spirit   .   b - +0 scale mail
rPois   .          Reflect  .   (helmet restricted)
rElec   .          Harm     .   (no cloak)
rCorr   .          Rampage  .   h - +0 pair of gloves
Will    .....                   (no boots)
Stlth   ..........              (no amulet)
HPRegen 0.20/turn               (no ring)
MPRegen 0.10/turn               (no ring)

@: lethally poisoned (-3 -> -8)
A: horns 2, retaliatory headbutt
a: no special abilities


You were on level 5 of the Dungeon.
You visited 1 branch of the dungeon, and saw 5 of its levels.

You collected 215 gold pieces.
You spent 33 gold pieces at shops.

Inventory:

Hand Weapons
 a - a +0 war axe (weapon)
 A - a +1 quarterstaff of draining
Missiles
 i - 5 curare-tipped darts (quivered)
 s - 4 javelins
Armour
 b - a +0 scale mail (worn)
 c - a +0 buckler (worn)
 h - a +0 pair of gloves (worn)
Magical Staves
 o - a staff of earth
Wands
 n - a wand of paralysis (2)
 u - a wand of iceblast (14)
 x - a wand of digging (4)
 y - a wand of mindburst (6)
Scrolls
 e - 4 scrolls of teleportation {unknown}
 g - a scroll of enchant weapon {unknown}
 j - a scroll of summoning {unknown}
 l - 7 scrolls of identify {unknown}
 m - a scroll of noise {unknown}
 p - a scroll of magic mapping {unknown}
Potions
 d - 2 potions of might
 f - 6 potions of heal wounds {unknown}
 k - 3 potions of curing
 q - a potion of ambrosia {unknown}
 r - 2 potions of brilliance {unknown}
 t - 2 potions of haste {unknown}
 v - a potion of berserk rage {unknown}
 w - a potion of degeneration {unknown}
 z - 2 potions of flight {unknown}


   Skills:
 + Level 5.1 Fighting
 + Level 6.7 Axes
 + Level 1.5 Throwing
 + Level 6.0 Armour
 + Level 1.7 Dodging
 + Level 0.4 Stealth
 + Level 4.5 Shields


You had 6 spell levels left.
You didn't know any spells.
Your spell library was empty.

Dungeon Overview and Level Annotations

Branches:
Dungeon (5/15)
 Temple: D:4-7

Altars:
Elyvilon
Sif Muna
Trog
Xom

Shops:
D:2 !

Annotations:
D:4 2 transporters, mainiacjoe's ghost, amateur HOFE


Innate Abilities, Weirdness & Mutations

You have a pair of horns on your head.
You reflexively headbutt those who attack you in melee.


Message History

* * * LOW HITPOINT WARNING * * *
You are more poisoned.
The water moccasin poisons you!
The bullfrog skeleton hits you but does no damage.
You slash the water moccasin!
The water moccasin is heavily wounded.
You hit the bullfrog skeleton.
* * * LOW HITPOINT WARNING * * *
You feel very sick. The water moccasin misses you.
You block the bullfrog skeleton's attack.
You block the water moccasin's attack.
You closely miss the water moccasin.
The water moccasin is heavily wounded.
You slash the bullfrog skeleton!
* * * LOW HITPOINT WARNING * * *
You feel very sick.
You block the bullfrog skeleton's attack.
The water moccasin barely misses you.
The bullfrog skeleton hits you but does no damage.
You block the water moccasin's attack.
You closely miss the water moccasin.
Your headbutt misses the water moccasin.
The water moccasin is heavily wounded.
You completely miss the bullfrog skeleton.
* * * LOW HITPOINT WARNING * * *
You feel very sick.
The bullfrog skeleton barely misses you.
The water moccasin bites you.
* * * LOW HITPOINT WARNING * * *
You slash the water moccasin!
Your headbutt misses the water moccasin.
The water moccasin is severely wounded.
You hit the bullfrog skeleton.
* * * LOW HITPOINT WARNING * * *
You feel sick. The water moccasin barely misses you. You furiously retaliate!
You headbutt the water moccasin.
The bullfrog skeleton hits you but does no damage.
The water moccasin bites you!
You die...

.. . .... # .#
.##.#. .. .. .....
# . #. .##.#.#.#.#
.. .....#...#
#.#..$...#.##.
#...!Z.#.#...
#.@S.....# #
#.#.#.##.#.##.#
#..........(..
#.#.##.###.##..#.
.....[............#
#.#.##.###.####....
#.#.##.###.####....
. ...............#
. ..###...###..##


You could see a water moccasin and a bullfrog skeleton.

Vanquished Creatures
  A black bear (D:3)
  A necrophage (D:5)
  An ogre (D:4)
  A hound (D:4)
  A bullfrog zombie (D:5)
  A bullfrog skeleton (D:3)
  An orc wizard (D:3)
  Terence (D:2)
  A hound skeleton (D:3)
  Robin (D:4)
  8 gnolls (D:4)
  5 adders
  2 ufetubi
  An adder zombie (D:3)
  A worm (D:4)
  2 dart slugs
  12 orcs
  6 ball pythons
  11 endoplasms
  5 giant cockroaches
  17 goblins
  7 hobgoblins
  3 jackals (D:1)
  3 quokkas
  6 bats
  8 frilled lizards
  13 kobolds
  9 rats
129 creatures vanquished.

Vanquished Creatures (others)
  6 plants (D:4)
6 creatures vanquished.

Grand Total: 135 creatures vanquished

Notes
Turn   | Place    | Note
-------+----------+-------------------------------------------
     0 | D:1      | fragbeetle the Minotaur Fighter began the quest for the
                  | Orb.
     0 | D:1      | Reached XP level 1. HP: 19/19 MP: 0/0
   168 | D:1      | Reached XP level 2. HP: 27/27 MP: 1/1
   630 | D:1      | Reached XP level 3. HP: 33/33 MP: 2/2
  1017 | D:2      | Noticed Terence
  1022 | D:2      | Killed Terence
  1023 | D:2      | Reached skill level 1 in Dodging
  1023 | D:2      | Reached XP level 4. HP: 40/40 MP: 3/3
  1023 | D:2      | Found Idosaadgh's Distillery.
  1049 | D:2      | Bought a potion of curing for 33 gold pieces
  1089 | D:2      | Found a faded altar of an unknown god.
  1163 | D:2      | Reached skill level 1 in Throwing
  1701 | D:3      | Noticed a black bear
  1709 | D:3      | Killed a black bear
  1710 | D:3      | Reached XP level 5. HP: 41/47 MP: 4/4
  1880 | D:3      | Paralysed by an orc for 5 turns
  2039 | D:3      | Reached skill level 5 in Axes
  2043 | D:3      | Reached XP level 6. HP: 53/53 MP: 5/5
  2182 | D:3      | Reached skill level 5 in Armour
  2649 | D:4      | Found a bloodstained altar of Trog.
  2651 | D:4      | Found a white marble altar of Elyvilon.
  2939 | D:4      | Found a shimmering altar of Xom.
  3033 | D:4      | Noticed mainiacjoe's ghost (amateur HOFE)
  3080 | D:4      | Found a transporter.
  3086 | D:4      | Found a transporter.
  3237 | D:4      | Noticed Robin
  3407 | D:4      | Found a shimmering blue altar of Sif Muna.
  3474 | D:4      | Reached skill level 5 in Fighting
  3474 | D:4      | Reached XP level 7. HP: 31/61 MP: 6/6
  3481 | D:4      | Killed Robin
  3911 | D:5      | Entered Level 5 of the Dungeon
  3966 | D:5      | Slain by a water moccasin

Illustrated notes

Levels and vault maps discovered:
D:1:      minmay_arrival_nine_rooms, layout_basic
D:2:      layout_basic, serial_shops, nicolae_shop_hallway_stairs,
          hellmonk_ecumenical_altar_zigzags, minmay_misc_feat_columns,
          uniq_terence
D:3:      wad_river_or_something, layout_basic
D:4:      layout_loops_ring, kennysheep_little_box, amcnicky_altar_gilded,
          mainiacjoe_overflow_catwalk_spiral, gammafunk_ghost_gnarly_gnolls,
          st_stairs_11, uniq_robin
D:5:      layout_basic, minmay_diced_spiral, uniq_grinder, uniq_blork_the_orc,
          uniq_eustachio

Skill      XL: |  1  2  3  4  5  6  7 |
---------------+----------------------+-----
Fighting       | 4 5 |  5.1
Axes           | 3 4 5 6 |  6.7
Armour         | 4 5 6 |  6.0
Shields        | 4 |  4.5
Dodging        | 1 |  1.7
Throwing       | 1 |  1.5
Stealth        | |  0.4

Action                   |  1- 3 |  4- 6 |  7- 9 || total
-------------------------+-------+-------+-------++-------
Melee: War axe           |    66 |   167 |    31 ||   264
       Headbutt          |     8 |    25 |     4 ||    37
Throw: Dart              |     3 |     3 |       ||     6
Armor: Scale mail        |    23 |    72 |    12 ||   107
Dodge: Dodged            |    28 |    96 |    14 ||   138
Block: Buckler           |     7 |    37 |    10 ||    54

Table legend: (Time is in decaauts)
 A = Elapsed time spent in this place.
 B = Non-inter-level travel time spent in this place.
 C = Inter-level travel time spent in this place.
 D = Time resting spent in this place.
 E = Time spent auto-exploring this place.
 F = Levels seen in this place.
 G = Mean time per level.
                   A        B        C        D        E       F      G
               +--------+--------+--------+--------+--------+-----+--------+
         Total |   4038 |   3850 |    188 |    219 |   2665 |   5 |  807.6 |
       Dungeon |   4038 |   3850 |    188 |    219 |   2665 |   5 |  807.6 |
               +--------+--------+--------+--------+--------+-----+--------+

Top non-repeatable levels by time:
     D:4: 1311 daAuts
     D:3: 1025 daAuts
     D:2: 834 daAuts
     D:1: 808 daAuts
     D:5: 58 daAuts
